 Dungeon Crawl Stone Soup version 0.31-a0-221-gbddc013574 (webtiles) character file.

Game seed: 19795744494893378

128 olmar the Digger (level 5, 0/42 HPs)
             Began as a Gargoyle Earth Elementalist on July 4, 2023.
             Slain by a river rat (8 damage)
             ... on level 3 of the Dungeon.
             The game lasted 00:02:49 (1732 turns).

olmar the Digger (Gargoyle Earth Elementalist)      Turns: 1732, Time: 00:02:49

Health: 0/42       AC:  8    Str: 12    XL:     5   Next: 11%
Magic:  2/10       EV: 12    Int: 17    God:
Gold:   112        SH:  0    Dex: 10    Spells: 5/11 levels left

rFire   . . .        (no weapon)
rCold   . . .        (no shield)
rNeg    + . .        a - +0 robe
rPois   ∞            (no helmet)
rElec   +            e - +0 cloak
rCorr   .            (no gloves)
SInv    .            m - +0 pair of boots
Will    .....        (no amulet) Stlth
                     (no ring)
HPRegen 0.27/turn    (no ring)
MPRegen 0.12/turn

%: no passive effects
@: berserking, very quick
A: sickness immunity, AC +4, negative energy resistance 1, electricity
resistance, torment resistance 1, petrification resistance
a: no special abilities


You were on level 3 of the Dungeon.
You visited 1 branch of the dungeon, and saw 3 of its levels.

You collected 112 gold pieces.

Inventory:

Missiles
 j - 4 poisoned darts
 k - 3 atropa-tipped darts
Armour
 a - a +0 robe (worn)
 e - a +0 cloak (worn)
 i - a +1 pair of gloves
 m - a +0 pair of boots (worn)
Jewellery
 l - a ring of fire
 n - a ring of wizardry
Scrolls
 d - a scroll of teleportation
 g - a scroll of fear
Potions
 b - a potion of magic
 f - a potion of degeneration {unknown}
 h - a potion of haste


   Skills:
 - Level 1.7 Dodging
 - Level 2.1 Stealth
 + Level 3.5 Spellcasting
 + Level 0.7 Transmutations
 + Level 5.4 Earth Magic


You had 5 spell levels left.
You knew the following spells:

 Your Spells              Type           Power      Damage    Failure   Level
a - Sandblast             Erth           42%        2d11      1%          1
b - Stone Arrow           Conj/Erth      24%        3d8       16%         3
c - Passwall              Tmut/Erth      10%        N/A       7%          2

Your spell library contained the following spells:

 Spells                   Type           Power      Damage    Failure   Level
 Petrify                  Tmut/Erth      13%        N/A       43%         4


Dungeon Overview and Level Annotations

Branches:
Dungeon (3/15)

Altars:

Shops:
D:1 (

Annotations:
D:3 2 transporters, knightboat's ghost, amateur NaHs


Innate Abilities, Weirdness & Mutations

You are immune to sickness and miasma.
Your stone body is resilient. (AC +4)
You are immune to poison.
You resist negative energy. (rN+)
You are resistant to electric shocks. (rElec)
You are resistant to unholy torment.
You are immune to petrification.


Message History

The river rat bites you but does no damage.
The rat closely misses you. The jackal barely misses you.
The river rat closely misses you.
The blast of sand misses the river rat.
The jackal bites you but does no damage.
The rat closely misses you. The river rat closely misses you.
The jackal barely misses you. The rat bites you.
Unknown command.
The blast of sand hits the river rat.
The river rat is moderately wounded.
The jackal bites you but does no damage.
The river rat bites you but does no damage.
The rat bites you but does no damage.
The jackal bites you but does no damage.
The river rat bites you.
Aiming: Sandblast (safe; 1% risk of failure)
Press: ? - help, Q - select action, (/) - cycle Shift-Dir - straight line, f/p - river rat
Aim: a river rat (moderately wounded, 81% to hit)
The blast of sand hits the river rat.
The river rat is moderately wounded.
The jackal barely misses you. The rat closely misses you.
The jackal closely misses you. The river rat bites you!
* * * LOW HITPOINT WARNING * * *
The quokka twitches its whiskers.
The rat misses you.
Aiming: Sandblast (safe; 1% risk of failure)
Press: ? - help, Q - select action, (/) - cycle Shift-Dir - straight line, f/p - river rat
Aim: a river rat (moderately wounded, 81% to hit)
Okay, then.
A red film seems to cover your vision as you go berserk!
You feel yourself moving faster!
You feel mighty!
The jackal bites you but does no damage.
The river rat bites you.
* * * LOW HITPOINT WARNING * * *
The rat bites you but does no damage.
Unknown command.
Okay, then.
Unknown command.
You barely miss the jackal. The jackal misses you. The river rat bites you!
You die...

###. .... ...... ##
.... ....>.## .. ...# .
#.# ...##. .#.. ..###
#.# ..... . ##...
....##.####... .. #...#
#...(#....## ... #(.#
##...r##..## .... #.#
####....r@hr..## .....
..#
##....###.####..#...h..
#.#####..##.# ### ##'.#
#.#.....###.#
+~~~~~~#.......
....###.# #.# +~~~rr~
!##.... .)### #.# #.#
###~~## .# ... #.# #..
..# ### ## .. ..#
####... . .## ###


You could see a river rat, a quokka, a jackal and a rat.

Vanquished Creatures
  Jessica (D:2)
  An orc wizard (D:3)
  2 adders (D:2)
  2 worms (D:2)
  A dart slug (D:2)
  4 orcs (D:3)
  2 endoplasms
  3 giant cockroaches
  8 hobgoblins
  5 jackals
  A quokka (D:1)
  5 ball pythons
  A bat (D:2)
  3 goblins
  3 kobolds
  2 rats
44 creatures vanquished.

Notes
Turn   | Place    | Note
-------+----------+-------------------------------------------
     0 | D:1      | olmar the Gargoyle Earth Elementalist began the quest for
                  | the Orb.
     0 | D:1      | Reached XP level 1. HP: 10/10 MP: 3/3
   160 | D:1      | Reached XP level 2. HP: 15/15 MP: 1/5
   169 | D:1      | Reached skill level 4 in Earth Magic
   347 | D:1      | Found a faded altar of an unknown god.
   463 | D:1      | Found Asefia's Antique Weapon Shop.
   526 | D:1      | Reached XP level 3. HP: 19/19 MP: 4/6
   858 | D:2      | Learned a level 3 spell: Stone Arrow
   861 | D:2      | Learned a level 2 spell: Passwall
   941 | D:2      | Noticed Jessica
   942 | D:2      | Killed Jessica
   943 | D:2      | Reached skill level 5 in Earth Magic
   943 | D:2      | Reached XP level 4. HP: 24/24 MP: 5/8
  1607 | D:3      | Found a transporter.
  1611 | D:3      | Noticed knightboat's ghost (amateur NaHs)
  1630 | D:3      | Reached XP level 5. HP: 23/28 MP: 3/10
  1652 | D:3      | Found a transporter.
  1732 | D:3      | Slain by a river rat

Illustrated notes

Levels and vault maps discovered:
D:1:      dpeg_arrival_rooms_b, layout_rooms, serial_shops, shop,
          nicolae_ecumenical_snake_handling, minmay_misc_feat_doors
D:2:      layout_loops_ring, uniq_jessica
D:3:      layout_rooms, gup_sewer_entry_bowl, gammafunk_ghost_mausoleum,
          guppyfry_early_lair_pool, uniq_robin

Skill      XL: |  1  2  3 |
---------------+----------+-----
Earth Magic    | 4 5 |  5.4
Spellcasting   | 3 |  3.5
Dodging        | |  1.7
Stealth        | |  2.1
Transmutations | |  0.7

Action                     |  1- 3 |  4- 6 || total
---------------------------+-------+-------++-------
  Melee: Unarmed           |    12 |     1 ||    13
   Cast: Sandblast         |    38 |    32 ||    70
    Use: Scroll            |     3 |     3 ||     6
         Potion            |       |     1 ||     1
 Armour: Robe              |     9 |    14 ||    23
  Dodge: Dodged            |    17 |    25 ||    42

Table legend: (Time is in decaauts)
 A = Elapsed time spent in this place.
 B = Non-inter-level travel time spent in this place.
 C = Inter-level travel time spent in this place.
 D = Time resting spent in this place.
 E = Time spent auto-exploring this place.
 F = Levels seen in this place.
 G = Mean time per level.
                   A        B        C        D        E       F      G
               +--------+--------+--------+--------+--------+-----+--------+
         Total |   1766 |   1729 |     37 |    157 |   1176 |   3 |  588.7 |
       Dungeon |   1766 |   1729 |     37 |    157 |   1176 |   3 |  588.7 |
               +--------+--------+--------+--------+--------+-----+--------+

Top non-repeatable levels by time:
     D:1: 835 daAuts
     D:2: 786 daAuts
     D:3: 144 daAuts
